 Dungeon Crawl Stone Soup version 0.27-a0-1579-g97d2440184 (webtiles) character file.

Game seed: 5830108960842674516

17 mandarbmax the Sneak (level 2, -1/16 HPs)
             Began as a Vine Stalker Delver on July 17, 2021.
             Slain by an ogre (10 damage)
             ... on level 4 of the Dungeon.
             The game lasted 00:01:29 (404 turns).

mandarbmax the Sneak (Vine Stalker Delver)           Turns: 404, Time: 00:01:29

Health: -1/16      AC:  3    Str: 14    XL:     2   Next: 62%
Magic:  0/3        EV: 12    Int: 10    God:
Gold:   12         SH:  0    Dex: 15    Spells: 1/1 levels left

rFire    . . .     SeeInvis .   a - +0 short sword
rCold    . . .     Faith    .   (no shield)
rNeg     . . .     Spirit   +   b - +0 leather armour
rPois    .         Reflect  .   (no helmet)
rElec    .         Harm     .   (no cloak)
rCorr    .         Rampage  .   (no gloves)
Will     .....                  (no boots)
Stlth    +++.......             (no amulet)
HPRegen  0.05/turn              (no ring)
MPRegen  0.08/turn              (no ring)

@: hasted, very quick
A: fangs 2, magic shield, antimagic bite, no potion heal 2
a: no special abilities


You were on level 4 of the Dungeon.
You visited 1 branch of the dungeon, and saw 2 of its levels.

You collected 12 gold pieces.

Inventory:

Hand Weapons
 a - a +0 short sword (weapon)
Missiles
 j - 5 javelins (quivered)
Armour
 b - a +0 leather armour (worn)
Wands
 g - a wand of digging (3)
 i - a wand of iceblast (6)
Scrolls
 c - a scroll of fog
 d - a scroll of magic mapping
 e - a scroll of fear
 h - a scroll of immolation {unknown}


   Skills:
 - Level 3.0 Fighting
 + Level 2.2 Short Blades
 - Level 2.0 Dodging
 - Level 6.0 Stealth


You had one spell level left.
You didn't know any spells.
Your spell library contained the following spells:

 Spells                   Type           Power      Damage    Failure   Level
 Ignite Poison            Fire/Tmut/Pois 0%         N/A       82%         3
 Mephitic Cloud           Conj/Pois/Air  0%         N/A       82%         3
 Bolt of Magma            Conj/Fire/Erth 0%         4d4       100%        5


Dungeon Overview and Level Annotations

Branches:
Dungeon (5/15)
 Temple: D:4-7

Altars:


Innate Abilities, Weirdness & Mutations

You have extremely sharp teeth.
When hurt, damage is shared between your health and your magic reserves.
Your bite disrupts and absorbs the magic of your enemies.
Potions cannot restore your health.


Message History

The centaur skeleton completely misses you.
The centaur skeleton kicks you.
Aiming: Iceblast
Press: ? - help, Shift-Dir - straight line, f - centaur skeleton
Aim: a centaur skeleton
Okay, then.
You hit the centaur skeleton. You bite the centaur skeleton.
You drain its power.
You feel invigorated.
The centaur skeleton is moderately damaged.
The centaur skeleton hits you but does no damage.
The centaur skeleton completely misses you.
You hit the centaur skeleton. You bite the centaur skeleton.
You drain its power.
The centaur skeleton is heavily damaged.
You hit the centaur skeleton. You bite the centaur skeleton.
You drain its power.
The centaur skeleton is severely damaged.
The centaur skeleton hits you but does no damage.
The centaur skeleton barely misses you.
You hit the centaur skeleton.
The centaur skeleton is almost destroyed.
You hit the ogre.
The ogre is moderately wounded.
Aiming: Iceblast
Press: ? - help, Shift-Dir - straight line, f - ogre
Aim: an ogre, wielding a +0 giant club (moderately wounded)
The mass of ice explodes!
The iceblast engulfs the ogre!
The ogre is severely wounded.
The iceblast engulfs the goblin!
You kill the goblin!
Training target 2.0 for Dodging reached!
Your Dodging skill increases to level 2!
Unknown command.
You hit the ogre. You bite the ogre. You drain its power.
The ogre is almost dead.
You hit the ogre. You bite the ogre. You drain its power.
The ogre is almost dead.
The ogre hits you with a +0 giant club!
Ouch! That really hurt!
You die...

#................#
#................#
#................#
#................#
........<........#
.................#
.......g.######.##
.........# #.#
.........######@#
............)ZO.#
.........#.######
..........!#
.........###
##########


You could see an ogre and a centaur skeleton.

Vanquished Creatures
  A hound skeleton (D:4)
  A dart slug (D:4)
  A goblin (D:4)
  A kobold (D:4)
4 creatures vanquished.

Notes
Turn   | Place    | Note
-------+----------+-------------------------------------------
     0 | D:5      | mandarbmax the Vine Stalker Delver began the quest for the
                  | Orb.
     0 | D:5      | Reached XP level 1. HP: 11/11 MP: 2/2
    55 | D:5      | Noticed a centaur
    74 | D:4      | Reached XP level 2. HP: 9/16 MP: 3/3
   383 | D:4      | Noticed an ogre
   404 | D:4      | Slain by an ogre

Illustrated notes

Levels and vault maps discovered:
D:4:      layout_basic, mainiacjoe_overflow_brackets, serial_shops, shop
D:5:      kennysheep_spiral_hall, layout_basic

Skill      XL: |  1  2 |
---------------+-------+-----
Short Blades   | 2 |  2.2
Fighting       | 3 |  3.0
Dodging        | 2 |  2.0
Stealth        | |  6.0

Action                   || total
-------------------------++-------
Melee: Short sword       ||    21
       Bite              ||    11
Evoke: Wand              ||     1
  Use: Potion            ||     1
Armor: Leather armour    ||     4
Dodge: Dodged            ||    18

Table legend: (Time is in decaauts)
 A = Elapsed time spent in this place.
 B = Non-inter-level travel time spent in this place.
 C = Inter-level travel time spent in this place.
 D = Time resting spent in this place.
 E = Time spent auto-exploring this place.
 F = Levels seen in this place.
 G = Mean time per level.
                   A        B        C        D        E       F      G
               +--------+--------+--------+--------+--------+-----+--------+
         Total |    400 |    392 |      8 |    154 |    160 |   2 |  200.0 |
       Dungeon |    400 |    392 |      8 |    154 |    160 |   2 |  200.0 |
               +--------+--------+--------+--------+--------+-----+--------+

Top non-repeatable levels by time:
     D:4: 334 daAuts
     D:5: 66 daAuts
